 Dungeon Crawl Stone Soup version 0.26-a0-30-g56b8cd3df0 (webtiles) character file.

Game seed: 8866561597486940536, levelgen mode: deterministic

16257 Lanoc the Arsonist (level 12, -8/100 HPs)
             Began as a Grey Draconian Fire Elementalist on May 28, 2020.
             Was an Elder of Elyvilon.
             Mangled by a six-headed hydra (12 damage)
             ... on level 13 of the Dungeon.
             The game lasted 00:35:57 (17587 turns).

Lanoc the Arsonist (DrFE)                          Turns: 17587, Time: 00:35:58

Health: -8/100     AC: 15    Str: 15    XL:     12   Next: 8%
Magic:  12/17      EV: 15    Int: 30    God:    Elyvilon [****..]
Gold:   643        SH:  0    Dex:  8    Spells: 5/15 levels left

rFire    + . .     SeeInvis .   a - +9 whip of Gloom {vorpal, +Rage Str+4 Int+2 Dex-4}
rCold    . . .     Gourm    .   (no shield)
rNeg     . . .     Faith    .   (armour unavailable)
rPois    .         Spirit   .   y - +1 hat
rElec    .         Reflect  .   v - +0 cloak
rCorr    .         Harm     .   (no gloves)
MR       .....                  (no boots)
Stlth    ++........             (no amulet)
HPRegen  0.26/turn              D - ring of protection from fire
MPRegen  0.15/turn              c - +6 ring of intelligence

@: protection
A: walk through water, unfitting armour, talons 1, clever 1, unbreathing,
evolution 1, cold-blooded, MP-powered wands, AC +13
a: Lesser Healing, Heal Other, Purification, Greater Healing, Divine Protection,
Renounce Religion, Evoke Berserk Rage


You were on level 13 of the Dungeon.
You worshipped Elyvilon.
Elyvilon was greatly pleased with you.
You were very hungry.

You visited 2 branches of the dungeon, and saw 14 of its levels.

You collected 778 gold pieces.
You spent 135 gold pieces at shops.

Inventory:

Hand Weapons
 a - the +9 whip of Gloom (weapon) {vorpal, +Rage Str+4 Int+2 Dex-4}
   (You took it off an orc on level 4 of the Dungeon)

   It inflicts extra damage upon your enemies.
   It affects your strength (+4).
   It affects your intelligence (+2).
   It affects your dexterity (-4).
   It lets you go berserk.
Missiles
 q - 38 poisoned darts
 r - 8 atropa-tipped darts (quivered)
Armour
 v - a +0 cloak (worn)
 y - a +1 hat (worn)
 B - a cursed +0 kite shield
Jewellery
 c - a +6 ring of intelligence (right hand)
 D - a ring of protection from fire (left hand)
Wands
 f - a wand of acid (11)
 p - a wand of polymorph (11)
 t - a wand of flame (54)
 x - a wand of digging (4)
Scrolls
 d - a scroll of blinking {unknown}
 e - a scroll of immolation {unknown}
 g - 4 scrolls of remove curse
 i - 3 scrolls of magic mapping
 l - 4 scrolls of amnesia
 o - 9 scrolls of identify
 E - 2 scrolls of enchant weapon
 F - a scroll of enchant armour
Potions
 h - 2 potions of resistance
 k - 2 potions of brilliance
 m - a potion of flight
 u - 3 potions of mutation
 w - a potion of curing
 z - a potion of stabbing
Miscellaneous
 j - a phantom mirror
 s - a lightning rod (4/4)
Comestibles
 b - 26 rations
 A - a chunk of flesh


   Skills:
 + Level 7.3 Fighting
 + Level 8.3 Dodging
 - Level 1.7 Stealth
 - Level 2.0 Spellcasting
 + Level 8.8 Conjurations
 * Level 12.5 Fire Magic
 + Level 7.3 Invocations


You had 5 spell levels left.
You knew the following spells:

 Your Spells              Type           Power        Failure   Level  Hunger
a - Foxfire               Conj/Fire      ####         1%          1    None
b - Sticky Flame          Conj/Fire      ######..     1%          4    ####...
c - Fireball              Conj/Fire      ######....   2%          5    ######.

Your spell library contained the following spells:

 Spells                   Type           Power        Failure   Level  Hunger
 Magic Dart               Conj           ####         1%          1    None
 Conjure Flame            Conj/Fire      ######..     1%          3    ###....
 Inner Flame              Hex/Fire       #####...     1%          3    ###....
 Dazzling Flash           Conj/Hex       ####..       4%          3    ###....
 Mephitic Cloud           Conj/Pois/Air  ###.....     7%          3    ###....
 Corona                   Hex            #......      8%          1    None
 Summon Small Mammal      Summ           #...         8%          1    None
 Blink                    Tloc           N/A          12%         2    ##.....
 Call Imp                 Summ           #.......     12%         2    ##.....
 Ensorcelled Hibernation  Hex/Ice        #.....       12%         2    ##.....
 Slow                     Hex            #.......     12%         2    ##.....
 Call Canine Familiar     Summ           #.......     24%         3    ###....
 Confusing Touch          Hex            #.......     24%         3    ###....
 Summon Guardian Golem    Hex/Summ       #.......     24%         3    ###....
 Tukima's Dance           Hex            #.......     24%         3    ###....
 Summon Ice Beast         Ice/Summ       #.......     61%         4    ####...
 Summon Lightning Spire   Summ/Air       #.......     61%         4    ####...
 Summon Demon             Summ           #.........   91%         5    ######.


Dungeon Overview and Level Annotations

Branches:
Dungeon (13/15) Temple (1/1) D:6 Lair (0/6) D:8 Orc (0/2) D:9 Vaults (0/5) D:12 D:13

Altars:
Ashenzari
Cheibriados
Dithmenos
Elyvilon
Fedhas
Gozag
Hepliaklqana
Kikubaaqudgha
Makhleb
Nemelex Xobeh
Okawaru
Qazlal
Ru
Sif Muna
Trog
Uskayaw
Vehumet
Wu Jian
Xom
Yredelemnul
Zin
The Shining One

Shops:
D:8 *

Annotations:
D:12 Urug


Innate Abilities, Weirdness & Mutations

You can walk through water.
Your dull iron-grey scales are very hard. (AC +13)
You cannot fit into any form of body armour.
You can survive without breathing.
You are cold-blooded and may be slowed by cold attacks.
You have sharp toenails.
Your mind is acute. (Int +2)
You evolve.
You expend magic power (3 MP) to strengthen your wands.


Message History

* * * LOW HITPOINT WARNING * * *
You beseech Elyvilon to protect your life.
The komodo dragon bites you but does no damage.
The six-headed hydra barely misses you.
The six-headed hydra bites you but does no damage.
The six-headed hydra misses you.
The six-headed hydra bites you but does no damage.
The six-headed hydra bites you! Elyvilon protects you from harm!
The six-headed hydra bites you.
* * * LOW HITPOINT WARNING * * *
Unknown command.
As you read the scroll labeled MERRO TOISH, it crumbles to dust.
This is a scroll of acquirement!
Something appears at your feet!
It was a scroll of acquirement.
The komodo dragon bites you but does no damage.
The shadow strikes at you from the darkness!
Reactivating autopickup.
The six-headed hydra bites you!
You die...

###.....,*##a..,,,,***,,,,,,###.!
.#,.....,,*,,,,,,,,,*,,,,,,,,*..D
Y#,.#..#.,*,,*.).*,,*,,*,,*,,*..#
##*##..#******,⌠.*###***,,*******
,*,,*,,#,,*,,*,c.#..#,,*,,*,,*,,*
,*,,,,,,,,*,,,,,....#,,..,,,,*,,,
***,,,,,,***,,,,...###...,,,***,,
,,,,^***,,,,,,*##l.....##*,,,,,,,
,,,,,,*,,,,,,,,#@D.....$#,,,,,,,,
,,,*,,*,,*,,*,,#.W#.%#..*,,*,,,,,
,,,*******,,***####,,#******,,,*,
*,,*,,*,,*,,*,,*,,*,,*,,*,,*,,,*,
*,,,,,*,,,,,,,,*,,,,,,,,*,,,,,,*,
*,,,,***,,,,,,***,,,,,,***,,,,,*,
**,,,,,,,***,,,,,,,***,,,,,,,,,*,
***,,,,,,,*,,,,,,,,,*,,,,,,,,,,*,
,,,*,,,*,,*,,*,,,*,,*,,*,,,,,,,*,


You could see a six-headed hydra, a komodo dragon and a shadow.

Vanquished Creatures
  3 two-headed ogres
  A queen ant (D:9)
  An unseen horror (D:12)
  A deep elf mage (D:12)
  2 centaur zombies
  A centaur skeleton (D:12)
  A kobold demonologist (D:12)
  2 trolls
  3 hornets
  A shadow (D:11)
  Sigmund (D:3)
  A wraith (D:10)
  2 humans (D:12)
  A wyvern (D:12)
  10 yaks
  A basilisk (D:8)
  A hungry ghost (D:10)
  4 wargs
  7 soldier ants
  Duvessa (D:5)
  3 porcupines (D:8)
  2 black bears
  4 ice beasts
  3 sky beasts
  An eye of draining (D:13)
  6 orc warriors
  A phantom (D:6)
  9 ogres
  A necrophage (D:9)
  2 wolves (D:8)
  4 crocodiles
  11 bullfrogs
  3 big kobolds
  2 wyvern zombies
  Dowan (D:5)
  A scorpion (D:6)
  4 killer bees (D:11)
  5 wights (D:12)
  6 howler monkeys
  4 crimson imps
  2 bullfrog zombies
  2 jellies
  2 orc wizards
  5 hounds
  7 orc priests
  2 bullfrog skeletons
  4 iguanas
  23 worker ants
  A hound zombie (D:6)
  A howler monkey zombie (D:5)
  A worker ant zombie (D:9)
  Robin (D:2)
  5 gnolls
  9 adders
  A howler monkey skeleton (D:8)
  2 shadow imps (D:9)
  2 oozes
  5 worms
  4 dart slugs
  7 leopard geckos
  45 orcs
  7 giant cockroaches
  16 goblins
  9 hobgoblins
  14 jackals
  6 quokkas
  3 ball pythons
  9 bats
  6 frilled lizards
  A giant cockroach zombie (D:5)
  A jackal skeleton (D:4)
  17 kobolds
  A leopard gecko zombie (D:6)
  A quokka skeleton (D:5)
  9 rats
349 creatures vanquished.

Vanquished Creatures (collateral kills)
  A frilled lizard (D:2)
1 creature vanquished.

Vanquished Creatures (others)
  731 foxfires
  A fungus (D:8)
732 creatures vanquished.

Grand Total: 1082 creatures vanquished

Notes
Turn   | Place    | Note
-------+----------+-------------------------------------------
     0 | D:1      | Lanoc the Draconian Fire Elementalist began the quest for
                  | the Orb.
     0 | D:1      | Reached XP level 1. HP: 14/14 MP: 3/3
   498 | D:1      | Reached XP level 2. HP: 20/20 MP: 0/5
   944 | D:1      | Reached XP level 3. HP: 26/26 MP: 0/6
  1431 | D:2      | Found a burning altar of Makhleb.
  1574 | D:2      | Noticed Robin
  1599 | D:2      | Killed Robin
  1599 | D:2      | Reached skill level 4 in Fire Magic
  1739 | D:2      | Reached XP level 4. HP: 19/33 MP: 0/7
  2113 | D:2      | Learned a level 4 spell: Sticky Flame
  3185 | D:3      | Noticed Sigmund
  3231 | D:3      | Killed Sigmund
  3231 | D:3      | Reached skill level 5 in Fire Magic
  3231 | D:3      | Reached XP level 5. HP: 17/38 MP: 8/8
  3231 | D:3      | Reached XP level 6. HP: 20/45 MP: 9/9
  4522 | D:4      | Found a shadowy altar of Dithmenos.
  4626 | D:4      | Identified the +9 whip of Gloom {vorpal, +Rage Str+4 Int+2
                  | Dex-4}
  5296 | D:5      | Entered Level 5 of the Dungeon
  5307 | D:5      | Identified the Handbook of Creation
  5363 | D:5      | Found a hazy altar of Hepliaklqana.
  5372 | D:5      | Found an ornate altar of the Wu Jian Council.
  5376 | D:5      | Reached skill level 6 in Fire Magic
  5432 | D:5      | Noticed Duvessa
  5436 | D:5      | Noticed Dowan
  5447 | D:5      | Killed Duvessa
  5447 | D:5      | Your scales start taking on a dull iron-grey colour.
  5447 | D:5      | Reached XP level 7. HP: 22/50 MP: 5/10
  5447 | D:5      | Gained mutation: You can survive without breathing. [Grey
                  | Draconian growth]
  5449 | D:5      | Killed Dowan
  6033 | D:5      | Reached skill level 7 in Fire Magic
  6309 | D:5      | Reached XP level 8. HP: 57/57 MP: 7/11
  6637 | D:6      | Found a snail-covered altar of Cheibriados.
  6697 | D:6      | Reached skill level 5 in Dodging
  6697 | D:6      | Reached skill level 5 in Conjurations
  6782 | D:6      | Reached skill level 8 in Fire Magic
  6833 | D:6      | Found a staircase to the Ecumenical Temple.
  6865 | Temple   | Entered the Ecumenical Temple
  7117 | Temple   | Became a worshipper of Elyvilon the Healer
  7682 | D:7      | Reached * piety under Elyvilon
  7763 | D:8      | Found Xucuits's Assorted Antiques.
  7766 | D:8      | Bought a scroll labeled OSUUT SAQUF for 27 gold pieces
  7766 | D:8      | Bought a scroll labeled VUHOF KU QISA for 27 gold pieces
  7766 | D:8      | Bought a scroll labeled SEENGE DAKHINA for 27 gold pieces
  7766 | D:8      | Bought a scroll labeled OSUUT SAQUF for 27 gold pieces
  7766 | D:8      | Bought a scroll labeled OSUUT SAQUF for 27 gold pieces
  7767 | D:8      | Found a shattered altar of Ashenzari.
  7768 | D:8      | Found a sacrificial altar of Ru.
  7803 | D:8      | Reached skill level 1 in Fighting
  7803 | D:8      | Reached skill level 1 in Invocations
  7822 | D:8      | Reached XP level 9. HP: 46/64 MP: 2/12
  7853 | D:8      | Reached skill level 9 in Fire Magic
  8360 | D:8      | Found a staircase to the Lair.
  8669 | D:8      | Found an iron altar of Okawaru.
  8848 | D:8      | Learned a level 5 spell: Fireball
  9127 | D:8      | Reached ** piety under Elyvilon
  9309 | D:8      | Found a burning altar of Makhleb.
  9309 | D:8      | Noticed a green death
  9381 | D:8      | Reached skill level 10 in Fire Magic
  9427 | D:8      | Reached XP level 10. HP: 27/78 MP: 8/13
 10297 | D:9      | Noticed a queen ant
 10668 | D:8      | Reached skill level 5 in Invocations
 10677 | D:8      | Reached skill level 5 in Fighting
 10833 | D:9      | Found a staircase to the Orcish Mines.
 11189 | D:9      | Paralysed by a hornet for 3 turns
 11196 | D:9      | Reached skill level 11 in Fire Magic
 11786 | D:8      | Gained mutation: Your mind is acute. (Int +2) [potion of
                  | mutation]
 11786 | D:8      | Gained mutation: You expend magic power (3 MP) to
                  | strengthen your wands. [potion of mutation]
 11786 | D:8      | Gained mutation: You evolve. [potion of mutation]
 11786 | D:8      | HP: 3/81 [worker ant (4)]
 11798 | D:8      | HP: 6/121 [poisoned by a worker ant]
 11801 | D:8      | HP: 2/121 [poisoned by a worker ant]
 12278 | D:9      | Reached XP level 11. HP: 88/88 MP: 10/15
 12494 | D:9      | Killed a queen ant
 12890 | D:10     | Entered Level 10 of the Dungeon
 14163 | D:11     | Reached *** piety under Elyvilon
 15060 | D:11     | Noticed a two-headed ogre
 15072 | D:11     | Killed a two-headed ogre
 15383 | D:12     | Reached **** piety under Elyvilon
 15414 | D:12     | Noticed a deep elf mage
 15422 | D:12     | Killed a deep elf mage
 15550 | D:12     | Reached skill level 12 in Fire Magic
 15674 | D:12     | Gained mutation: You have sharp toenails. [evolution]
 15849 | D:12     | Noticed an unseen horror
 15851 | D:12     | Killed an unseen horror
 15935 | D:12     | Noticed a soul eater
 16065 | D:12     | Noticed a two-headed ogre
 16072 | D:12     | Killed a two-headed ogre
 16876 | D:12     | Noticed a skeletal warrior
 16876 | D:12     | Noticed a skeletal warrior
 16877 | D:12     | Noticed a skeletal warrior
 16877 | D:12     | Noticed a skeletal warrior
 16889 | D:13     | Found a gate to the Vaults.
 16889 | D:13     | Noticed a two-headed ogre
 16889 | D:13     | Noticed a centaur warrior
 16889 | D:13     | Noticed Urug
 16890 | D:13     | Noticed a six-headed hydra
 17161 | D:12     | Reached XP level 12. HP: 97/100 MP: 17/17
 17359 | D:13     | Noticed a two-headed ogre
 17375 | D:13     | Killed a two-headed ogre
 17549 | D:13     | Noticed a five-headed hydra
 17552 | D:13     | Noticed an eight-headed hydra
 17581 | D:13     | Noticed a centaur warrior
 17586 | D:13     | Elyvilon protects you from harm!
 17586 | D:13     | HP: 4/100 [six-headed hydra (2)]
 17587 | D:13     | Identified a scroll of acquirement
 17587 | D:13     | Mangled by a six-headed hydra

Illustrated notes

Levels and vault maps discovered:
D:1:      minmay_arrival_up_and_down, layout_basic, minmay_nonomino_d4
D:2:      layout_basic, overflow_temple_1_default, kennysheep_potato, uniq_robin
D:3:      layout_loops_ring, grunt_ministairs_8, uniq_sigmund
D:4:      layout_loops_ring, first_ration, grunt_dithmenos_smoke_and_mirrors
D:5:      layout_loops_ring, grunt_temple_overflow_open, serial_glass,
          glass_columns_a, glass_columns_c, uniq_duvessa
D:6:      layout_basic, temple_doors_e, chequers_decorated_corner,
          cheibriados_altar_1
D:7:      layout_loops_cross
D:8:      layout_loops_ring, chequers_temple_overflow_statue_of_worship,
          lemuel_round_altar, minmay_lair_entry_grove, serial_shops,
          nicolae_shop_window_shopping, makhleb_altar_promises_db
D:9:      layout_loops_ring, minmay_orc_entry_guard_dogs,
          hangedman_pestilent_swarm, minivault_24, minmay_another_anthill
D:10:     layout_basic
D:11:     layout_irregular_city
D:12:     layout_basic, special_room [special_room_orc], due_unseen_surprise
D:13:     hangedman_cross_cluster, layout_stronghold, david_vaults_3
Temple:   eino_temple_rhombus

Skill      XL: |  1  2  3  4  5  6  7  8  9 10 11 |
---------------+----------------------------------+-----
Dodging        | 2 3 4 5 6 7 8 |  8.3
Fire Magic     | 4 5 6 7 8 10 11 12 | 12.5
Conjurations   | 2 3 4 5 6 7 8 |  8.8
Fighting       | 1 3 5 7 |  7.3
Invocations    | 1 3 5 7 |  7.3
Stealth        | |  1.7
Spellcasting   | |  2.0

Action                   |  1- 3 |  4- 6 |  7- 9 | 10-12 || total
-------------------------+-------+-------+-------+-------++-------
Melee: Unarmed           |    43 |    28 |       |       ||    71
       Tailslap          |     3 |     8 |    12 |    27 ||    50
       Whip              |       |    23 |   168 |   436 ||   627
       Kick              |       |       |       |    21 ||    21
Throw: Dart              |       |     2 |       |       ||     2
 Cast: Foxfire           |    76 |   141 |   159 |   117 ||   493
       Sticky Flame      |       |       |       |    40 ||    40
       Fireball          |       |       |       |    17 ||    17
Invok: Lesser Healing    |       |       |     4 |     4 ||     8
       Greater Healing   |       |       |       |     2 ||     2
       Divine Protection |       |       |       |     1 ||     1
  Use: Potion            |       |     5 |     1 |     5 ||    11
       Scroll            |       |       |     1 |    19 ||    20
 Stab: Sleeping          |       |     2 |       |     5 ||     7
  Eat: Chunk             |     3 |    13 |    12 |    36 ||    64
       Ration            |       |       |       |     2 ||     2
Armor: Skin              |    36 |    19 |   118 |   195 ||   368
Dodge: Dodged            |    77 |    52 |   214 |   393 ||   736

Table legend:
 A = Non-vault XP
 B = Vault XP
 C = Vault XP percentage of total XP
 D = Non-vault monster count
 E = Vault monster count
 F = Vault count percentage of total count
                 A         B        C        D         E       F
            +---------+---------+-------+---------+---------+-------
      Total |   16379 |    6846 |  29.5 |     257 |      93 |  26.6
            +---------+---------+-------+---------+---------+-------
        D:1 |      38 |      16 |  29.6 |      21 |       7 |  25.0
        D:2 |      62 |      47 |  43.1 |      18 |      15 |  45.5
        D:3 |      60 |     253 |  80.8 |      26 |       3 |  10.3
        D:4 |     202 |       0 |   0.0 |      13 |       0 |   0.0
        D:5 |     696 |     231 |  24.9 |      14 |       2 |  12.5
        D:6 |     673 |       0 |   0.0 |      18 |       0 |   0.0
        D:7 |      82 |     109 |  57.1 |       4 |       1 |  20.0
        D:8 |    3416 |    1710 |  33.4 |      47 |      14 |  23.0
        D:9 |    1461 |    3153 |  68.3 |      25 |      24 |  49.0
       D:10 |    1755 |       0 |   0.0 |      21 |       0 |   0.0
       D:11 |    2408 |       0 |   0.0 |      23 |       0 |   0.0
       D:12 |    4503 |    1191 |  20.9 |      25 |      26 |  51.0
       D:13 |    1023 |     136 |  11.7 |       2 |       1 |  33.3
            +---------+---------+-------+---------+---------+-------
